 Dungeon Crawl Stone Soup version 0.21-a0-29-g43b3074 (webtiles) character file.

3395 grindst0ne the Blocker (level 10, -1/79 HPs)
             Began as a Formicid Fighter on May 26, 2017.
             Was a Believer of Qazlal.
             Killed from afar by an orc wizard (4 damage)
             ... with a magic dart
             ... on level 8 of the Dungeon.
             The game lasted 00:14:25 (7294 turns).

grindst0ne the Blocker (Formicid Fighter)           Turns: 7294, Time: 00:14:25

Health: -1/79      AC: 10    Str: 25    XL:     10   Next: 24%
Magic:  10/10      EV:  8    Int:  7    God:    Qazlal [**....]
Gold:   221        SH: 23    Dex: 13    Spells: 9/9 levels left

rFire    . . .     SeeInvis +   a - +0 war axe
rCold    . . .     Gourm    .   c - +0 shield
rNeg     . . .     Faith    .   w - +0 chain mail
rPois    .         Spirit   .   (helmet unavailable)
rElec    .         Reflect  +   (no cloak)
rCorr    .         Harm     .   u - +0 pair of gloves
MR       +....                  (no boots)
Stlth    ..........             B - +6 amulet of reflection
Regen    0.3/turn               D - +3 ring of strength
MPRegen  0.2/turn               (no ring)

@: no status effects
A: permanent stasis, dig shafts and tunnels, four strong arms, antennae 3
a: Dig, Shaft Self, Upheaval, Renounce Religion


You were on level 8 of the Dungeon.
You worshipped Qazlal.
Qazlal was pleased with you.
You were very hungry.

You visited 1 branch of the dungeon, and saw 8 of its levels.

You collected 377 gold pieces.
You spent 156 gold pieces at shops.

Inventory:

Hand Weapons
 a - a +0 war axe (weapon)
Missiles
 E - 3 poisoned tomahawks (quivered)
Armour
 b - a +0 scale mail
 c - a +0 shield (worn)
 u - a +0 pair of gloves (worn)
 w - a +0 chain mail (worn)
 y - a +0 plate armour
 H - a +0 large shield
Jewellery
 B - a +6 amulet of reflection (around neck)
 D - a +3 ring of strength (left hand)
 G - a cursed amulet of faith {unknown}
Wands
 j - a wand of paralysis (10/24)
 A - a wand of random effects (26/48)
 F - a wand of iceblast (14/15)
Scrolls
 e - a scroll of recharging
 h - 4 scrolls of remove curse
 l - a scroll of immolation
 q - a scroll of fog {unknown}
 C - a scroll of teleportation {unknown}
Potions
 d - 3 potions of might
 g - 2 potions of degeneration
 i - a potion of magic {unknown}
 m - a potion of brilliance
 o - 2 potions of mutation {unknown}
 v - a potion of cancellation {unknown}
 x - 2 potions of flight {unknown}
 z - a potion of invisibility
 K - a potion of agility {unknown}
Books
 J - a book of Changes

   Spells                             Type                      Level
   a - Beastly Appendage              Transmutation                1
   b - Sticks to Snakes               Transmutation                2
   c - Spider Form                    Transmutation/Poison         3
   d - Ice Form                       Ice/Transmutation            4
   e - Blade Hands                    Transmutation                5
Comestibles
 f - 5 bread rations
 k - 8 fruits
 n - 4 royal jellies
 p - 3 meat rations


   Skills:
 - Level 7.1 Fighting
 - Level 6.0 Axes
 - Level 3.2 Armour
 * Level 13.4 Shields


You had 9 spell levels left.
You didn't know any spells.

Dungeon Overview and Level Annotations

Branches:
Dungeon (8/15)             Temple (0/1) D:5
   Lair: D:8-11

Altars:
Ashenzari
Cheibriados
Dithmenos
Elyvilon
Qazlal
Sif Muna
Zin

Shops:
D:5 }   D:6 }

Annotations:
D:7 1 runed door


Innate Abilities, Weirdness & Mutations

You cannot be hasted, slowed, berserked, paralysed or teleported.
You can dig through walls and to a lower floor.
Your four strong arms can wield two-handed weapons with a shield.
You have a pair of large antennae on your head. (SInv)


Message History

The orc warrior is almost dead.
You block the orc warrior's attack.
You completely miss the orc warrior.
The orc warrior is almost dead.
You block the orc warrior's attack.
You slash the orc warrior!
You kill the orc warrior!
Qazlal accepts your kill. You block the orc wizard's attack.
You slash the orc wizard!
The orc wizard is severely wounded.
You block the orc wizard's attack.
The orc wizard gestures at you while chanting.
The magic dart hits you!
You closely miss the orc wizard.
The orc wizard is severely wounded.
You block the orc wizard's attack.
The orc wizard gestures at you while chanting.
The magic dart hits you!
You die...

#...#.# #.o#..# #..##.#
###)#.# ##..# ####.#.#
######..{...#
##.....o{#####
##.8..#..#{#@#
#....###.##o## { #
#.8..#.#.######
#.#....'_#......#
#...8..#.#.####.######.#
###......###.............#
....##.8..#...............
#### ##......####.########
# #.#.##.# #.#


You could see an orc wizard.

Vanquished Creatures
  A two-headed ogre (D:8)
  A hippogriff (D:7)
  2 orc warriors
  2 ice beasts
  A phantom (D:7)
  3 ogres
  A centaur (D:6)
  3 bullfrogs
  Blork the orc (D:4)
  A scorpion (D:4)
  10 killer bees (D:7)
  2 crimson imps
  A bullfrog zombie (D:5)
  A centaur zombie (D:5)
  A hound (D:5)
  A jelly (D:5)
  A centaur skeleton (D:4)
  2 iguanas (D:7)
  7 orc wizards
  11 worker ants
  2 hound skeletons (D:4)
  A mummy (D:7)
  6 adders
  A howler monkey skeleton (D:6)
  2 shadow imps
  2 oozes
  3 worms
  2 dart slugs (D:2)
  8 leopard geckos
  25 orcs
  5 ball pythons
  9 giant cockroaches
  2 goblins
  7 hobgoblins
  3 jackals (D:1)
  A quokka (D:4)
  6 bats
  3 frilled lizards
  4 kobolds
  A leopard gecko skeleton (D:4)
  A quokka skeleton (D:7)
  2 quokka zombies (D:6)
  2 rats
  A butterfly (D:7)
152 creatures vanquished.

Vanquished Creatures (others)
  A centaur (D:7)
  An orc (D:4)
2 creatures vanquished.

Grand Total: 154 creatures vanquished

Notes
Turn   | Place    | Note
-------+----------+-------------------------------------------
     0 | D:1      | grindst0ne the Formicid Fighter began the quest for the Orb.
     0 | D:1      | Reached XP level 1. HP: 18/18 MP: 1/1
   212 | D:1      | Reached XP level 2. HP: 9/24 MP: 2/2
   779 | D:1      | Reached XP level 3. HP: 26/30 MP: 3/3
  1584 | D:2      | Reached XP level 4. HP: 23/38 MP: 4/4
  1919 | D:2      | Found a shadowy altar of Dithmenos.
  2443 | D:3      | Found a deep blue altar of Sif Muna.
  2715 | D:4      | You fall through a shaft!
  2715 | D:5      | Entered Level 5 of the Dungeon
  2715 | D:5      | Found a stormy altar of Qazlal.
  2730 | D:5      | Reached skill level 5 in Fighting
  2730 | D:5      | Reached XP level 5. HP: 27/44 MP: 5/5
  2943 | D:5      | Became a worshipper of Qazlal Stormbringer
  2996 | D:5      | Reached XP level 6. HP: 32/51 MP: 6/6
  3188 | D:4      | Noticed Blork the orc
  3203 | D:4      | Killed Blork the orc
  3435 | D:4      | Reached skill level 5 in Axes
  3435 | D:4      | Reached XP level 7. HP: 36/58 MP: 7/7
  3555 | D:4      | Found a white marble altar of Elyvilon.
  4067 | D:5      | Found Xore's Gadget Shop.
  4071 | D:5      | Bought a wand of iceblast (9/15) for 156 gold pieces
  4158 | D:5      | Found a staircase to the Ecumenical Temple.
  4171 | D:5      | Reached * piety under Qazlal
  4222 | D:5      | Reached skill level 4 in Shields
  4222 | D:5      | Reached XP level 8. HP: 67/67 MP: 8/8
  4272 | D:6      | Reached skill level 5 in Shields
  4457 | D:6      | Found a shattered altar of Ashenzari.
  4691 | D:6      | Found Luff's Gadget Boutique.
  4770 | D:6      | Reached skill level 6 in Shields
  5104 | D:6      | Reached skill level 7 in Shields
  5354 | D:7      | Noticed a hippogriff
  5377 | D:7      | Killed a hippogriff
  5377 | D:7      | Reached skill level 8 in Shields
  5377 | D:7      | Reached XP level 9. HP: 32/72 MP: 9/9
  5567 | D:7      | Found a runed door.
  5574 | D:7      | Found a runed door.
  5586 | D:7      | Reached skill level 9 in Shields
  5621 | D:7      | Reached skill level 10 in Shields
  5915 | D:7      | Found a snail-covered altar of Cheibriados.
  5930 | D:7      | Reached ** piety under Qazlal
  6238 | D:7      | Reached skill level 11 in Shields
  6301 | D:7      | HP: 3/72 [orc wizard/puff of flame (9)]
  6812 | D:7      | Reached skill level 12 in Shields
  7166 | D:8      | Found a white marble altar of Elyvilon.
  7230 | D:8      | Found a glowing silver altar of Zin.
  7253 | D:8      | Noticed a two-headed ogre
  7266 | D:8      | Killed a two-headed ogre
  7266 | D:8      | Reached skill level 13 in Shields
  7266 | D:8      | Reached XP level 10. HP: 9/79 MP: 10/10
  7288 | D:8      | HP: 2/79 [orc warrior/short sword (13)]
  7294 | D:8      | Killed from afar by an orc wizard

Vault maps used:
D:1:      dpeg_arrival_signposts
D:2:      grunt_dithmenos_smoke_and_mirrors, dk_noncrumbling_3
D:3:      overflow_temple_1_default, first_bread
D:4:      lemuel_doored_altar, serial_bayou_pond_b, uniq_blork_the_orc
D:5:      minmay_temple_entry_statues_pillars, serial_shops, shop, basic_altar
D:6:      cheibrodos_ashenzari_chains, serial_shops, nicolae_shop_crystal,
          minmay_misc_feat_more_columns, kennysheep_generic_room_10
D:7:      lemuel_insect_pit, slow_altar_1
D:8:      zin_statuary, basic_altar

Skill      XL: |  1  2  3  4  5  6  7  8  9 |
---------------+----------------------------+-----
Fighting       | 4 5 6 7 |  7.1
Axes           | 3 4 5 6 |  6.0
Shields        | 4 8 13 | 13.4
Armour         | |  3.2

Action                   |  1- 3 |  4- 6 |  7- 9 | 10-12 || total
-------------------------+-------+-------+-------+-------++-------
Melee: War axe           |    87 |   136 |   361 |    21 ||   605
 Abil: Dig               |     1 |     1 |    14 |     2 ||    18
  Use: Scroll            |       |       |    11 |       ||    11
       Potion            |       |       |     9 |     1 ||    10
  Eat: Chunk             |     2 |     7 |    14 |       ||    23
Armor: Scale mail        |    43 |    74 |     7 |       ||   124
       Chain mail        |       |       |   123 |     1 ||   124
Dodge: Dodged            |    36 |    36 |   123 |     1 ||   196
Block: Shield            |    61 |    63 |   463 |    24 ||   611
       Reflection        |       |       |     9 |       ||     9
